 Dungeon Sprint DCSS version 0.27.1 (webtiles) character file.

Game seed: 13273506773640607390

9587 styxcanada the Imperceptible (level 11, -5/58 HPs)
             Began as a Spriggan Brigand on Aug 31, 2021.
             Was an Initiate of Gozag.
             Slain by a demonic crawler (7 damage)
             ... in the Dungeon (Sprint IV: "Fedhas' Mad Dash").
             The game lasted 00:12:05 (1981 turns).

styxcanada the Imperceptible (Spriggan Brigand)     Turns: 1981, Time: 00:12:06

Health: -5/58      AC:  4    Str:  7    XL:     11   Next: 25%
Magic:  22/22      EV: 31    Int: 14    God:    Gozag
Gold:   817        SH:  0    Dex: 25    Spells: 15/24 levels left

rFire    . . .     SeeInvis +   s - +2 short sword (elec)
rCold    . . .     Faith    .   (shield restricted)
rNeg     + . .     Spirit   .   o - +1 robe {rN+}
rPois    .         Reflect  .   (helmet restricted)
rElec    .         Harm     .   c - +0 cloak
rCorr    .         Rampage  .   (gloves unavailable)
Will     +....     NoTele   +   (boots unavailable)
Stlth    ++++++++++             j - amulet of invisibility {+Inv}
HPRegen  0.19/turn              q - +6 ring of dexterity
MPRegen  0.18/turn              (no ring)

@: gold aura, very slightly contaminated, invisible, very quick
A: very small, no large weapons, unfitting armour, see invisible, speed 3
a: Renounce Religion, Evoke Invisibility, Potion Petition, Call Merchant, Bribe
Branch


You were in the Dungeon.
You worshipped Gozag.
Gozag was pleased with you.
You visited 1 branch You collected 2646 gold pieces.
You spent 1599 gold pieces at shops.
You paid 230 gold pieces to Gozag.

Inventory:

Hand Weapons
 a - a +2 dagger
 n - a +1 short sword of speed
 p - a +2 dagger of distortion
 s - a +2 short sword of electrocution (weapon)
Missiles
 d - 8 poisoned darts (quivered)
 e - 2 curare-tipped darts
 r - 10 stones
Armour
 c - a +0 cloak (worn)
 o - a +1 robe of positive energy (worn)
Jewellery
 j - the amulet of invisibility (around neck) {+Inv}
   (You found it in the Dungeon)

   [amulet of nothing]

   +Inv:      It lets you turn invisible.
 q - a +6 ring of dexterity (left hand)
Scrolls
 b - a scroll of immolation
 k - a scroll of blinking
 l - 4 scrolls of identify
Potions
 f - a potion of curing
 g - a potion of resistance
 h - 2 potions of haste
 i - 2 potions of magic


   Skills:
 * Level 7.5 Fighting
 + Level 7.0 Short Blades
 + Level 4.7 Throwing
 * Level 12.7 Dodging
 * Level 25.6 Stealth
 * Level 7.2 Spellcasting
 * Level 4.5 Conjurations
 * Level 1.4 Transmutations
 * Level 4.8 Fire Magic
 * Level 0.9 Air Magic
 * Level 0.9 Poison Magic
 * Level 12.0 Evocations


You had 15 spell levels left.
You knew the following spells:

 Your Spells              Type           Power      Damage    Failure   Level
a - Conjure Flame         Conj/Fire      18%        6-21      6%          3
b - Ignite Poison         Fire/Tmut/Pois 11%        N/A       16%         3
c - Mephitic Cloud        Conj/Pois/Air  11%        N/A       17%         3

Your spell library contained the following spells:

 Spells                   Type           Power      Damage    Failure   Level
 Static Discharge         Conj/Air       12%        N/A       7%          2
 Sticky Flame             Conj/Fire      18%        2d4       21%         4
 Bolt of Magma            Conj/Fire/Erth 6%         4d6       71%         5
 Dispel Undead            Necr           5%         3d7       80%         4


Dungeon Overview and Level Annotations

Branches:
Dungeon (1/1)

Altars:
Cheibriados
Dithmenos
Elyvilon
Gozag
Hepliaklqana
Kikubaaqudgha
Makhleb
Nemelex Xobeh
Okawaru
Qazlal
Ru
Sif Muna
Trog
Uskayaw
Vehumet
Wu Jian
Xom
Yredelemnul
Zin
The Shining One
Beogh
Jiyva
Lugonu

Shops:
D *([[((:*=[!


Innate Abilities, Weirdness & Mutations

You are very small and have problems with some larger weapons.
You are too small for most types of armour.
You have supernaturally acute eyesight. (SInv)
You cover ground extremely quickly. (Speed+++)


Message History

The ghost moth is lightly wounded.
The hornet buzzes angrily.
The demonic crawler misses you. The demonic crawler hits you.
The demonic crawler completely misses you.
The ghost moth misses you. The ghost moth completely misses you.
The ghost moth misses you.
You strike the helpless ghost moth from behind!
You spit the ghost moth like a pig!!!
The ghost moth is severely wounded.
The demonic crawler misses you.
The demonic crawler completely misses you.
The demonic crawler misses you.
You barely miss the hornet.
The demonic crawler hits you but does no damage.
The demonic crawler misses you.
The demonic crawler completely misses you.
Unknown command.
You closely miss the ghost moth.
The ghost moth is severely wounded.
The demonic crawler closely misses you. The demonic crawler hits you!
* * * LOW HITPOINT WARNING * * *
The demonic crawler completely misses you.
You strike the helpless hornet from behind!
You skewer the hornet like a kebab!!!
You kill the hornet!
The demonic crawler barely misses you.
The demonic crawler completely misses you.
The demonic crawler hits you.
* * * LOW HITPOINT WARNING * * *
The ghost moth misses you. The ghost moth completely misses you.
The ghost moth stings you.
* * * LOW HITPOINT WARNING * * *
Your Short Blades skill increases to level 7!
You hit the ghost moth.
The ghost moth is almost dead.
The demonic crawler misses you.
The demonic crawler completely misses you.
The demonic crawler hits you!
You die...
Your body crumbles into a pile of gold.

#......♣.....#...######
#.....♣..♣..######♣♣♣♣♣
##'####'######.|'......
#(.#....'.......#♣..♣♣♣
#.[#..###.......#.♣♣..♣
#######################
#......................
#∩...y$..............P.
#∩...s@.......).....)P.
#∩...................P.
###########+###########


$$$$ $$$$$ $$$$$ You could see a ghost moth (wandering, invisible) and a demonic
crawler.

Vanquished Creatures
  Agnes (D)
  A spriggan defender (D)
  A spriggan berserker (D)
  A spriggan druid (D)
  6 oklob plants (D)
  A demonic crawler (D)
  3 wandering mushrooms (D)
  A queen bee (D)
  3 burning bushes (D)
  3 hornets (D)
  3 scorpions (D)
  4 killer bees (D)
  5 oklob saplings (D)
  7 spriggans (D)
  A river rat (D)
  A rat (D)
  A ballistomycete spore (D)
43 creatures vanquished.

Vanquished Creatures (others)
  A ballistomycete spore (D)
1 creature vanquished.

Grand Total: 44 creatures vanquished

Notes
Turn   | Place    | Note
-------+----------+-------------------------------------------
     0 | D        | styxcanada the Spriggan Brigand began the quest for the
                  | Orb.
     0 | D        | Reached XP level 1. HP: 10/10 MP: 2/2
     9 | D        | Reached skill level 7 in Stealth
     9 | D        | Reached XP level 2. HP: 15/15 MP: 3/3
    11 | D        | Reached skill level 8 in Stealth
    17 | D        | Noticed an oklob sapling
    22 | D        | Killed an oklob sapling
    23 | D        | Reached skill level 10 in Stealth
    23 | D        | Reached XP level 3. HP: 18/18 MP: 4/4
    57 | D        | Noticed a scorpion
    57 | D        | Found the amulet of invisibility {+Inv}
    59 | D        | Killed a scorpion
    60 | D        | Reached skill level 12 in Stealth
    60 | D        | Reached XP level 4. HP: 23/23 MP: 5/5
    81 | D        | Found an opulent altar of Gozag.
    81 | D        | Found a hazy altar of Hepliaklqana.
    81 | D        | Found a burning altar of Makhleb.
    81 | D        | Found a sparkling altar of Nemelex Xobeh.
    81 | D        | Found a snail-covered altar of Cheibriados.
    81 | D        | Found a sacrificial altar of Ru.
    81 | D        | Found a shimmering blue altar of Sif Muna.
    81 | D        | Found a shimmering altar of Xom.
    81 | D        | Found a basalt altar of Yredelemnul.
    82 | D        | Found a viscous altar of Jiyva.
    82 | D        | Found a bloodstained altar of Trog.
    82 | D        | Found an ornate altar of the Wu Jian Council.
    83 | D        | Found an iron altar of Okawaru.
    83 | D        | Found a shadowy altar of Dithmenos.
    83 | D        | Found a glowing silver altar of Zin.
    84 | D        | Found an ancient bone altar of Kikubaaqudgha.
    84 | D        | Found a hide-covered altar of Uskayaw.
    85 | D        | Found a stormy altar of Qazlal.
    85 | D        | Found a white marble altar of Elyvilon.
    85 | D        | Found a glowing golden altar of the Shining One.
    86 | D        | Became a worshipper of Gozag Ym Sagoz the Greedy
    87 | D        | Found a corrupted altar of Lugonu.
    87 | D        | Found a radiant altar of Vehumet.
    91 | D        | Reached skill level 13 in Stealth
    91 | D        | Reached XP level 5. HP: 28/28 MP: 3/6
   103 | D        | Reached skill level 5 in Dodging
   103 | D        | Reached skill level 14 in Stealth
   103 | D        | Reached skill level 1 in Evocations
   132 | D        | Reached skill level 15 in Stealth
   162 | D        | Reached skill level 16 in Stealth
   162 | D        | Reached XP level 6. HP: 16/33 MP: 7/7
   335 | D        | Found Tuanisere's Antique Weapon Shop.
   335 | D        | Found Okiu's Antique Armour Emporium.
   342 | D        | Bought an embroidered robe for 62 gold pieces
   343 | D        | Bought a runed dagger for 140 gold pieces
   381 | D        | Noticed a burning bush
   381 | D        | Noticed a wandering mushroom
   382 | D        | Noticed a wandering mushroom
   385 | D        | Killed a burning bush
   386 | D        | Reached skill level 17 in Stealth
   386 | D        | Killed a wandering mushroom
   387 | D        | Reached skill level 19 in Stealth
   387 | D        | Reached XP level 7. HP: 38/38 MP: 5/8
   387 | D        | Killed a wandering mushroom
   388 | D        | Reached skill level 5 in Evocations
   390 | D        | Reached skill level 20 in Stealth
   403 | D        | Found Joerch's Jewellery Emporium.
   403 | D        | Found Naumpagoja's General Store.
   408 | D        | Bought a scroll of identify for 22 gold pieces
   408 | D        | Bought a scroll of immolation for 38 gold pieces
   465 | D        | Reached XP level 8. HP: 42/42 MP: 6/9
   471 | D        | Noticed a queen bee
   478 | D        | Killed a queen bee
   479 | D        | Reached skill level 5 in Fighting
   483 | D        | Reached skill level 21 in Stealth
   579 | D        | Bought a +6 ring of dexterity for 819 gold pieces
   726 | D        | Noticed an oklob plant
   729 | D        | Killed an oklob plant
   740 | D        | Noticed a burning bush
   743 | D        | Killed a burning bush
   744 | D        | Reached skill level 22 in Stealth
   744 | D        | Reached XP level 9. HP: 48/48 MP: 8/10
   760 | D        | Learned a level 3 spell: Conjure Flame
   808 | D        | Noticed a burning bush
   808 | D        | Noticed an oklob plant
   809 | D        | Noticed a wandering mushroom
   922 | D        | Killed a burning bush
   923 | D        | Reached skill level 1 in Spellcasting
   927 | D        | Killed an oklob plant
   928 | D        | Reached skill level 5 in Short Blades
   928 | D        | Reached skill level 1 in Conjurations
   928 | D        | Reached skill level 1 in Fire Magic
   931 | D        | Killed a wandering mushroom
   932 | D        | Reached skill level 10 in Dodging
   932 | D        | Reached skill level 23 in Stealth
  1054 | D        | Noticed a spriggan druid
  1056 | D        | Killed a spriggan druid
  1131 | D        | Noticed an oklob plant conjurer
  1132 | D        | Killed an oklob plant conjurer
  1212 | D        | Noticed an oklob plant
  1212 | D        | Noticed an oklob plant summoner
  1213 | D        | Noticed an oklob plant shifter
  1217 | D        | Killed an oklob plant
  1218 | D        | Reached XP level 10. HP: 53/53 MP: 13/16
  1219 | D        | Killed an oklob plant summoner
  1220 | D        | Reached skill level 10 in Evocations
  1222 | D        | Killed an oklob plant shifter
  1223 | D        | Reached skill level 24 in Stealth
  1577 | D        | Noticed a spriggan rider
  1578 | D        | Found Lomey's Antique Armour Emporium.
  1582 | D        | Found Qurat's Distillery.
  1586 | D        | Killed a spriggan rider
  1587 | D        | Reached skill level 5 in Spellcasting
  1592 | D        | Bought a potion of resistance for 140 gold pieces
  1592 | D        | Bought a potion of might for 56 gold pieces
  1592 | D        | Bought a potion of curing for 42 gold pieces
  1661 | D        | Noticed Agnes
  1663 | D        | Found Hesumesy's Weapon Emporium.
  1663 | D        | Noticed a spriggan berserker
  1665 | D        | Found Gycvonn's Book Shoppe.
  1667 | D        | Killed Agnes
  1668 | D        | Reached skill level 25 in Stealth
  1671 | D        | Killed a spriggan berserker
  1672 | D        | Reached XP level 11. HP: 58/58 MP: 18/21
  1681 | D        | Noticed a spriggan defender
  1695 | D        | Killed a spriggan defender
  1749 | D        | Bought a Trismegistus Codex for 280 gold pieces
  1753 | D        | Learned a level 3 spell: Ignite Poison
  1757 | D        | Learned a level 3 spell: Mephitic Cloud
  1771 | D        | Noticed a spriggan rider
  1792 | D        | Reached skill level 1 in Transmutations
  1966 | D        | Noticed a ghost moth
  1967 | D        | Found Jihaesatoh's Antique Armour Emporium.
  1967 | D        | Found Gul Warph's Antique Weapon Boutique.
  1967 | D        | Found Eguepiong's General Store.
  1980 | D        | HP: 2/58 [ghost moth (4)]
  1981 | D        | Slain by a demonic crawler

Illustrated notes

Levels and vault maps discovered:
D:        dungeon_sprint_fedhas [sprint_temple]

Skill      XL: |  1  2  3  4  5  6  7  8  9 10 11 |
---------------+----------------------------------+-----
Dodging        | 2 3 4 5 7 8 9 10 12 | 12.7
Stealth        | 7 10 12 13 16 19 20 22 23 25 | 25.6
Fighting       | 2 3 4 5 6 7 |  7.5
Short Blades   | 3 4 5 6 7 |  7.0
Evocations     | 1 4 5 7 9 11 12 | 12.0
Throwing       | 3 4 |  4.7
Spellcasting   | 3 6 7 |  7.2
Conjurations   | 2 4 |  4.5
Fire Magic     | 2 4 |  4.8
Transmutations | 1 |  1.4
Air Magic      | |  0.9
Poison Magic   | |  0.9

Action                   |  1- 3 |  4- 6 |  7- 9 | 10-12 || total
-------------------------+-------+-------+-------+-------++-------
Melee: Dagger            |     6 |     4 |       |       ||    10
       Short sword       |       |     2 |    39 |    65 ||   106
Throw: Dart              |       |     6 |       |       ||     6
 Cast: Conjure Flame     |       |       |       |     1 ||     1
Invok: Potion Petition   |       |       |       |     1 ||     1
 Abil: Evoke Invisibilit |       |     4 |     7 |     4 ||    15
  Use: Potion            |     1 |       |     1 |     4 ||     6
       Scroll            |       |       |     1 |       ||     1
 Stab: Sleeping          |     3 |     6 |    17 |     7 ||    33
       Invisible         |       |       |       |     2 ||     2
Armor: Robe              |       |       |       |     6 ||     6
Dodge: Dodged            |       |     4 |     2 |   104 ||   110
